 Dungeon Crawl Stone Soup version 0.22.1-1-ga44c0e5 (webtiles) character file.

33 vierth the Sneak (level 3, 0/16 HPs)
             Began as a Spriggan Enchanter on Sept 23, 2018.
             Splashed by a jelly's acid (5 damage)
             ... on level 2 of the Dungeon.
             The game lasted 00:03:48 (1910 turns).

vierth the Sneak (Spriggan Enchanter)               Turns: 1910, Time: 00:03:49

Health: 0/16       AC: -2    Str:  4    XL:     3   Next: 12%
Magic:  9/9        EV: 18    Int: 17    God:
Gold:   80         SH:  0    Dex: 16    Spells: 8/9 levels left

rFire    . . .     SeeInvis +   a - +1 dagger
rCold    . . .     Gourm    .   (shield restricted)
rNeg     . . .     Faith    .   b - +0 robe
rPois    .         Spirit   .   (helmet restricted)
rElec    .         Reflect  .   (no cloak)
rCorr    .         Harm     .   (gloves unavailable)
MR       .....                  (boots unavailable)
Stlth    +++.......             (no amulet)
HPRegen  0.05/turn              (no ring)
MPRegen  0.11/turn              (no ring)

@: corroded, very quick
A: very small, unfitting armour, see invisible, herbivore, speed 3, slow
metabolism 2
a: no special abilities


You were on level 2 of the Dungeon.
You were not hungry.

You visited 1 branch of the dungeon, and saw 2 of its levels.

You collected 80 gold pieces.

Inventory:

Hand Weapons
 a - a +1 dagger (weapon)
Armour
 b - a +0 robe (worn)
Scrolls
 e - a scroll of fear {unknown}
 f - 3 scrolls of remove curse {unknown}
 g - a scroll of amnesia {unknown}
 h - a scroll of enchant weapon {unknown}
 i - a scroll of identify {unknown}
 k - a scroll of teleportation {unknown}
Potions
 c - a potion of might {unknown}
 j - a potion of ambrosia {unknown}
 l - a potion of heal wounds {unknown}
Comestibles
 d - a ration


   Skills:
 + Level 2.5 Short Blades
 - Level 3.0 Dodging
 - Level 4.4 Stealth
 + Level 3.7 Spellcasting
 - Level 3.6 Hexes


You had 8 spell levels left.
You knew the following spells:

 Your Spells              Type           Power        Failure   Level  Hunger
a - Corona                Hex            ###....      3%          1    None

Your spell library contained the following spells:

 Spells                   Type           Power        Failure   Level  Hunger
 Confuse                  Hex            ###.....     11%         3    ###....
 Tukima's Dance           Hex            ###.....     11%         3    ###....
 Ensorcelled Hibernation  Hex/Ice        #.....       12%         2    ##.....
 Dazzling Spray           Conj/Hex       #.....       22%         3    ###....


Dungeon Overview and Level Annotations

Branches:
Dungeon (2/15)

Altars:
Ashenzari
Sif Muna
The Shining One


Innate Abilities, Weirdness & Mutations

You are very small and have problems with some larger weapons.
You are too small for most types of armour.
You have supernaturally acute eyesight. (SInv)
You are a herbivore.
You cover ground extremely quickly.
You need to consume almost no food.


Message History

A jelly is nearby!
The jelly quivers.
Found a sedimented green potion.
You hit the jelly but do no damage.
Your hands burn!
The jelly jiggles.
The jelly closely misses you.
You hit the jelly.
Your hands burn!
The jelly is moderately wounded.
The jelly misses you.
You hit the jelly but do no damage. The acid corrodes you!
Your hands burn!
The jelly is moderately wounded.
The jelly barely misses you.
You completely miss the jelly.
The jelly is lightly wounded.
The jelly closely misses you.
You hit the jelly but do no damage.
Your hands burn!
The jelly is lightly wounded.
The jelly completely misses you.
You hit the jelly.
Your hands burn!
You die...

############........###+
................(.[##... ##
#...#...##........#..P⌠
...##. #.#................
..#.[..###.####........##_._
#.. #..................# .#
#.###.#.######.....?....# #
...#(#.# #..........#
##.#...# #@J........#
#.....## #......[...#
##.....# #$.........#
#......# ##........##
#.#..#.# ##!.....## #.
#..#.# ######## #.. ##...##
..# ##..)### .##...##....#


You could see a jelly.

Vanquished Creatures
  A worm (D:2)
  A dart slug (D:1)
  2 giant cockroaches
  4 goblins (D:1)
  6 hobgoblins
  4 kobolds (D:1)
  2 bats (D:1)
  3 frilled lizards
  4 rats (D:1)
27 creatures vanquished.

Notes
Turn   | Place    | Note
-------+----------+-------------------------------------------
     0 | D:1      | vierth the Spriggan Enchanter began the quest for the Orb.
     0 | D:1      | Reached XP level 1. HP: 9/9 MP: 5/5
   207 | D:1      | Reached XP level 2. HP: 13/13 MP: 7/7
  1666 | D:2      | Reached XP level 3. HP: 16/16 MP: 9/9
  1670 | D:2      | Found a glowing golden altar of the Shining One.
  1896 | D:2      | Found a shattered altar of Ashenzari.
  1897 | D:2      | Found a deep blue altar of Sif Muna.
  1910 | D:2      | Splashed by a jelly's acid

Skill      XL: |  1  2 |
---------------+-------+-----
Spellcasting   | 3 |  3.7
Short Blades   | 2 |  2.5
Dodging        | |  3.0
Stealth        | |  4.4
Hexes          | |  3.6

Action                   || total
-------------------------++-------
Melee: Dagger            ||   116
 Stab: Sleeping          ||     5
       Distracted        ||     1
Armor: Robe              ||    10
Dodge: Dodged            ||    91
